 Dungeon Crawl Stone Soup version 0.31-a0-868-g674d60d6f7 (webtiles) character file.

Game seed: 13220425733216077047

3640 kae the Vexing (level 9, -15/62 (67) HPs)
             Began as a Demonspawn Enchanter on Oct 11, 2023.
             Demolished by a deep elf pyromancer
             ... wielding a +3 great mace of draining
              (18 damage)
             ... on level 7 of the Dungeon.
             The game lasted 00:13:26 (6255 turns).

kae the Vexing (Demonspawn Enchanter)               Turns: 6255, Time: 00:13:26

HP:   -15/62 (67)   AC:  6    Str:  8    XL:     9   Next: 88%
MP:   0/16          EV: 14    Int: 20    God:
Gold: 167           SH:  0    Dex: 15    Spells: 3/17 levels left

rFire   . . .        v - +2 short sword (protect)
rCold   . . .        (no shield)
rNeg    . . .        b - +1 robe
rPois   .            (helmet restricted)
rElec   .            f - +2 cloak
rCorr   .            (no gloves)
SInv    .            (no boots)
Will    .....        g - amulet of regeneration
Stlth   +++          (no ring)
HPRegen 1.10/turn    (no ring)
MPRegen 0.30/turn

%: guardian spirit
@: drained
A: antennae 2, magic shield, magic regeneration
a: no special abilities


You were on level 7 of the Dungeon.
You visited 2 branches of the dungeon, and saw 8 of its levels.

You collected 263 gold pieces.
You spent 96 gold pieces at shops.


Innate Abilities, Weirdness & Mutations

You have a pair of antennae on your head.
When hurt, damage is shared between your health and your magic reserves.
You regenerate magic rapidly.


   Skills:
 + Level 4.8 Fighting
 * Level 6.5 Short Blades
 + Level 4.9 Dodging
 + Level 5.5 Stealth
 + Level 4.8 Spellcasting
 * Level 7.7 Hexes


You had 3 spell levels left.
You knew the following spells:

 Your Spells              Type           Power      Damage    Failure   Level
a - Ensorcelled Hibernat  Hex/Ice        40%        N/A       3%          2
b - Confusing Touch       Hex            35%        N/A       1%          3
c - Tukima's Dance        Hex            35%        N/A       1%          3
d - Dazzling Flash        Conj/Hex       40%        N/A       8%          3
e - Summon Guardian Gole  Hex/Summ       20%        N/A       8%          3

Your spell library contained the following spells:

 Spells                   Type           Power      Damage    Failure   Level
 Summon Small Mammal      Summ           16%        N/A       12%         1
 Wereblood                Tmut           4%         N/A       19%         2
 Call Canine Familiar     Summ           4%         N/A       34%         3
 Ignite Poison            Fire/Tmut/Pois 4%         N/A       34%         3
 Yara's Violent Unravell  Hex/Tmut       10%        3d6       56%         5
 Passage of Golubria      Tloc           4%         N/A       75%         4
 Sticky Flame             Conj/Fire      4%         2d3       75%         4
 Irradiate                Conj/Tmut      2%         3d12      97%         5
 Ignition                 Fire           2%         3d3       100%        8

Inventory:

Hand Weapons
 a - a +1 dagger
 v - a +2 short sword of protection (weapon)
   (You took it off an orc on level 5 of the Dungeon)
Missiles
 e - 57 stones
 o - 16 poisoned darts
 r - 2 boomerangs
 t - a curare-tipped dart {=f}
Armour
 b - a +1 robe (worn)
 f - a +2 cloak (worn)
   (You found it on level 2 of the Dungeon)
Jewellery
 g - an amulet of regeneration (around neck)
   (You found it on level 1 of the Dungeon)
 F - a ring of fire
   (You found it on level 2 of the Dungeon)
 Z - a ring of wizardry
   (You took it off Eustachio on level 4 of the Dungeon)
Wands
 x - a wand of light (11)
   (You found it on level 7 of the Dungeon)
Scrolls
 d - 2 scrolls of blinking {!r}
 h - a scroll of summoning
 i - 4 scrolls of teleportation {@r4}
 m - a scroll of fog
 p - 3 scrolls of amnesia
Potions
 c - a potion of invisibility
 j - 3 potions of degeneration {!q}
 k - 3 potions of lignification {!q}
 l - a potion of curing {@q1}
 n - a potion of mutation {!q}
 q - a potion of cancellation
 s - a potion of brilliance
 u - 2 potions of berserk rage {!q}
 w - a potion of attraction {!q}

Dungeon Overview and Level Annotations

Branches:
Dungeon (7/15) Zot: 26201  Temple (1/1) D:4 Zot: 5998

Altars:
Ashenzari
Cheibriados
Fedhas
Gozag
Hepliaklqana
Kikubaaqudgha
Makhleb
Qazlal
Ru
Trog
Uskayaw
Wu Jian
Xom
Yredelemnul

Shops:
D:5 (   D:6 !   D:7 *

Annotations:
D:6 exclusion: black bear

#.#..# #.##.# { ## ##.##.+
# .'. #.....# ##.. #.#
#..##.# #.. ...
#..##.###'#####'###
.####..##.#..%#.#.....#
..........##...)#eā—‹)).#.
###.#..##.'....#@E).|.'.
#.#..##.#.#..E#.}:).#.
#.#.....#...#.#.....# ..
#.#.##..###'#####'### #'#
#.#.##..#..#.###.... #.#
###.......#..#.##.# ..#.#
. .####.##....#)#.'.###.'.
{ '. .#
#.....##.#..#...#.#$ .#
####..##.#..#....# .#


You could see a deep elf pyromancer and 2 fire elementals.


Message History

No target in view!
No target in view!
No target in view!
No target in view!
You start waiting.
Done waiting.
x - a wand of light (11) Unknown command.
j - 3 potions of degeneration {!q} (gained 1)
There is an open door here.
There is an open door here.
There is an open door here.
e - 57 stones (gained 5)
k - 3 potions of lignification {!q} (gained 1)
You sense a monster nearby.
A deep elf pyromancer comes into view.
It is wielding a +3 great mace of draining.
You see here a potion of attraction {!q}.
A deep elf pyromancer is nearby!
A deep elf pyromancer is nearby!
A deep elf pyromancer is nearby!
The deep elf pyromancer closely misses you.
There is an open door here.
Casting: Confusing Touch (safe; 1% risk of failure)
Confirm with . or Enter, or press ? or * to list all spells.
Aiming: Ensorcelled Hibernation (safe; 3% risk of failure)
Press: ? - help, Shift-Dir - straight line, f - deep elf pyromancer
Aim: a deep elf pyromancer, wielding a +3 great mace of draining (chance to affect: 35%)
The deep elf pyromancer easily resists. šŸ˜Ž MP[-2]
You lost 2 mp, and now have 14/16 mp.
Casting: Ensorcelled Hibernation (safe; 3% risk of failure)
Confirm with . or Enter, or press ? or * to list all spells.
Aiming: Ensorcelled Hibernation (safe; 3% risk of failure)
Press: ? - help, Shift-Dir - straight line, f/p - deep elf pyromancer
Aim: a deep elf pyromancer, wielding a +3 great mace of draining (chance to affect: 35%)
The deep elf pyromancer easily resists.
The deep elf pyromancer hits you but does no damage.
You feel drained. šŸ˜Ž HP[-1] MP[-2]
You now have 66 max hp (-1).
You lost 2 mp, and now have 12/16 mp.
Unknown command.
Unknown command.
Unknown command.
Casting: Ensorcelled Hibernation (safe; 3% risk of failure)
Confirm with . or Enter, or press ? or * to list all spells.
Aiming: Ensorcelled Hibernation (safe; 3% risk of failure)
Press: ? - help, Shift-Dir - straight line, f/p - deep elf pyromancer
Aim: a deep elf pyromancer, wielding a +3 great mace of draining (chance to affect: 35%)
The deep elf pyromancer easily resists.
The deep elf pyromancer mumbles some strange words. šŸ˜Ž MP[-2]
You lost 2 mp, and now have 10/16 mp.
Unknown command.
Casting: Ensorcelled Hibernation (safe; 3% risk of failure)
Confirm with . or Enter, or press ? or * to list all spells.
Aiming: Ensorcelled Hibernation (safe; 3% risk of failure)
Press: ? - help, Shift-Dir - straight line, f/p - deep elf pyromancer
Aim: a deep elf pyromancer, wielding a +3 great mace of draining (chance to affect: 35%)
The deep elf pyromancer easily resists.
The deep elf pyromancer hits you with a +3 great mace of draining.
You feel drained. The fire elemental hits you.
The fire elemental burns you! šŸ˜• HP[-17] MP[-3]
You now have 64 max hp (-2).
You take 17 damage, and now have 49/64 hp.
MASSIVE DAMAGE!! (PAUSE)
You lost 3 mp, and now have 7/16 mp.
Casting: Ensorcelled Hibernation (safe; 3% risk of failure)
Confirm with . or Enter, or press ? or * to list all spells.
Aiming: Ensorcelled Hibernation (safe; 3% risk of failure)
Press: ? - help, Shift-Dir - straight line, f/p - deep elf pyromancer
Aim: a deep elf pyromancer, wielding a +3 great mace of draining (chance to affect: 35%)
The deep elf pyromancer easily resists.
The fire elemental hits you. The fire elemental burns you!
The fire elemental hits you. The fire elemental burns you!
The deep elf pyromancer hits you with a +3 great mace of draining!
* * * LOW HITPOINT WARNING * * *
You feel drained.
* * * LOW HITPOINT WARNING * * *
šŸ˜Ø HP[-25] MP[-4]
You now have 62 max hp (-2).
You take 25 damage, and now have 24/62 hp.
MASSIVE DAMAGE!! (PAUSE)
You lost 4 mp, and now have 3/16 mp.
Unknown command.
Unknown command.
Casting: Ensorcelled Hibernation (safe; 3% risk of failure)
Confirm with . or Enter, or press ? or * to list all spells.
Aiming: Ensorcelled Hibernation (safe; 3% risk of failure)
Press: ? - help, Shift-Dir - straight line, f/p - deep elf pyromancer
Aim: a deep elf pyromancer, wielding a +3 great mace of draining (chance to affect: 35%)
The deep elf pyromancer easily resists.
The fire elemental hits you. The fire elemental burns you!
* * * LOW HITPOINT WARNING * * *
The fire elemental hits you.
* * * LOW HITPOINT WARNING * * *
The fire elemental burns you!
* * * LOW HITPOINT WARNING * * *
The deep elf pyromancer hits you with a +3 great mace of draining!!
You die...

Skill      XL: |  1  2  3  4  5  6  7  8  9 |
---------------+----------------------------+-----
Short Blades   | 1 2 3 4 5 6 |  6.5
Dodging        | 2 3 4 |  4.9
Stealth        | 3 4 5 |  5.5
Fighting       | 1 2 3 4 |  4.8
Hexes          | 4 5 6 7 |  7.7
Spellcasting   | 3 4 |  4.8

Action                     |  1- 3 |  4- 6 |  7- 9 || total
---------------------------+-------+-------+-------++-------
  Melee: Dagger            |   143 |   278 |   120 ||   541
         Punch             |       |       |     7 ||     7
         Short sword       |       |       |   307 ||   307
   Cast: Ensorcelled Hiber |     4 |     6 |    81 ||    91
         Confusing Touch   |       |     5 |    16 ||    21
  Evoke: Wand              |       |       |     5 ||     5
    Use: Scroll            |     7 |     4 |     6 ||    17
         Potion            |     1 |     2 |     6 ||     9
   Stab: Sleeping          |     9 |    11 |    44 ||    64
         Invisible         |     3 |       |       ||     3
         Confused          |       |     6 |    14 ||    20
 Armour: Robe              |    75 |   127 |   276 ||   478
         Skin              |       |    53 |       ||    53
  Dodge: Dodged            |   103 |   119 |   217 ||   439

Levels and vault maps discovered:
D:1:      dpeg_arrival_round_b, layout_basic,
          dreamdust_ecumenical_altar_drowned_temple, minmay_bisected
D:2:      kb_forest_paths, layout_basic, uniq_robin, uniq_terence
D:3:      layout_rooms, hellmonk_no_cap, uniq_natasha, uniq_grinder
D:4:      layout_rooms, ashenzari_conservatory_becter,
          minmay_temple_entry_nine_rooms, uniq_eustachio
D:5:      layout_loops_ring, doesnt_shop_hydraphobe
D:6:      layout_loops_cross, nicolae_qazlal_beasts_of_the_sky,
          makhleb_altar_promises_db, serial_shops, nicolae_shop_trees,
          minmay_manual_macuahuitl
D:7:      minmay_the_grid_square_5x5_3x3 [minmay_the_grid_square_5x5_detours,
          minmay_the_grid_square_5x5_hollow_slash,
          minmay_the_grid_square_5x5_inverted_slash,
          minmay_the_grid_square_5x5_pentomino_r,
          minmay_the_grid_square_5x5_megaprize_open,
          minmay_the_grid_square_5x5_mess, minmay_the_grid_square_5x5_six_small,
          minmay_the_grid_square_5x5_inner_z,
          minmay_the_grid_square_5x5_doubleslash], layout_loops_ring,
          mainiacjoe_overflow_chevrons,
          nicolae_dithmenos_through_a_glass_darkly, serial_glass,
          glass_columns_a, glass_columns_b, serial_shops, shop
Temple:   nicolae_temple_ecumenical_triangle

Notes
Turn   | Place    | Note
-------+----------+-------------------------------------------
     0 | D:1      | kae the Demonspawn Enchanter began the quest for the Orb.
     0 | D:1      | Reached XP level 1. HP: 13/13 MP: 3/3
     0 | D:1      | magus.rc [v1.11.3]
    52 | D:1      | Reached skill level 1 in Short Blades
   117 | D:1      | Found a faded altar of an unknown god.
   161 | D:1      | Gained mutation: You have a pair of small antennae on your
                  | head. [demonic ancestry]
   161 | D:1      | Reached XP level 2. HP: 19/19 MP: 5/5
   177 | D:1      | Learned a level 2 spell: Ensorcelled Hibernation
   316 | D:1      | Reached skill level 2 in Dodging
   683 | D:1      | Gained mutation: You regenerate magic rapidly. [demonic
                  | ancestry]
   683 | D:1      | Reached XP level 3. HP: 25/25 MP: 6/6
   914 | D:2      | Noticed Terence
   946 | D:2      | Killed Terence
  1037 | D:2      | Reached skill level 3 in Stealth
  1037 | D:2      | Gained mutation: When hurt, damage is shared between your
                  | health and your magic reserves. [demonic ancestry]
  1037 | D:2      | Reached XP level 4. HP: 31/31 MP: 7/7
  1087 | D:2      | You pick up a book of Callings and begin reading...
  1087 | D:2      | You add the spells Summon Small Mammal, Call Canine
                  | Familiar and Summon Guardian Golem to your library.
  1172 | D:2      | Reached skill level 2 in Short Blades
  1190 | D:2      | Reached skill level 1 in Fighting
  1261 | D:2      | Noticed Robin
  1294 | D:2      | Killed Robin
  1395 | D:2      | You pick up a book of Changes and begin reading...
  1395 | D:2      | You add the spells Wereblood and Irradiate to your library.
  1582 | D:2      | You add the spells Passage of Golubria and Yara's Violent
                  | Unravelling to your library.
  1776 | D:3      | Noticed Grinder
  1792 | D:2      | Learned a level 3 spell: Confusing Touch
  1838 | D:3      | Killed Grinder
  1839 | D:3      | Reached skill level 4 in Hexes
  1839 | D:3      | Reached XP level 5. HP: 38/38 MP: 5/9
  1839 | D:3      | Reached XP level 6. HP: 44/44 MP: 5/10
  2014 | D:3      | You pick up a book of Callings and begin reading...
  2036 | D:3      | Reached skill level 3 in Short Blades
  2102 | D:3      | Reached skill level 2 in Fighting
  2294 | D:3      | Noticed Natasha
  2299 | D:3      | Killed Natasha
  2390 | D:3      | Noticed Natasha
  2406 | D:4      | Noticed Eustachio
  2650 | D:4      | Reached skill level 3 in Dodging
  2650 | D:4      | Reached skill level 3 in Spellcasting
  2650 | D:4      | Gained mutation: You have a pair of antennae on your head.
                  | [demonic ancestry]
  2650 | D:4      | Reached XP level 7. HP: 36/50 MP: 2/11
  2772 | D:4      | Found a broken altar of Ashenzari.
  2819 | D:3      | Killed Natasha
  2900 | D:5      | Entered Level 5 of the Dungeon
  2930 | D:4      | Killed Eustachio
  2931 | D:4      | Reached skill level 5 in Hexes
  2933 | D:4      | Reached skill level 4 in Short Blades
  2933 | D:4      | Reached skill level 4 in Stealth
  3103 | D:4      | Found a staircase to the Ecumenical Temple.
  3280 | Temple   | Entered the Ecumenical Temple
  3383 | D:4      | Reached XP level 8. HP: 38/57 MP: 4/13
  3452 | D:5      | Reached skill level 3 in Fighting
  3723 | D:5      | Found Offyraf's Hydra Hut.
  3728 | D:5      | Noticed a seven-headed hydra
  3945 | D:5      | You add the spells Ignite Poison, Sticky Flame and Ignition
                  | to your library.
  4384 | D:6      | Reached skill level 6 in Hexes
  4413 | D:6      | Found Fudi's Distillery.
  4420 | D:6      | Bought a potion of berserk rage for 60 gold pieces
  4420 | D:6      | Bought a potion of attraction for 36 gold pieces
  4678 | D:6      | Reached skill level 5 in Short Blades
  4834 | D:6      | Found a stormy altar of Qazlal.
  4857 | D:6      | Reached skill level 4 in Dodging
  4877 | D:6      | Reached skill level 4 in Spellcasting
  5001 | D:6      | Found a burning altar of Makhleb.
  5001 | D:6      | Noticed a green death
  5091 | D:6      | HP: 15/60 [something (5)]
  5092 | D:6      | HP: 7/60 [something (9)]
  5097 | D:6      | HP: 8/60 [something (3)]
  5376 | D:6      | HP: 12/60 [something (5)]
  5616 | D:7      | Found Mogga Aradi's Assorted Antiques.
  5640 | D:7      | Reached XP level 9. HP: 65/65 MP: 15/15
  5670 | D:7      | Learned a level 3 spell: Tukima's Dance
  5674 | D:7      | Learned a level 3 spell: Dazzling Flash
  5678 | D:7      | Learned a level 3 spell: Summon Guardian Golem
  5730 | D:7      | Reached skill level 4 in Fighting
  5766 | D:7      | Noticed a manticore
  5766 | D:7      | Noticed a kobold demonologist
  5773 | D:7      | Reached skill level 5 in Stealth
  5798 | D:7      | Reached skill level 7 in Hexes
  5800 | D:7      | Noticed a gargoyle
  5857 | D:7      | Killed a manticore
  5858 | D:7      | Reached skill level 6 in Short Blades
  5889 | D:7      | HP: 9/66 [gargoyle/+0 mace (15)]
  5902 | D:7      | Killed a gargoyle
  6248 | D:7      | Noticed a deep elf pyromancer
  6255 | D:7      | HP: 3/62 [fire elemental[a deep elf pyromancer] (14)]
  6255 | D:7      | Demolished by a deep elf pyromancer

Vanquished Creatures
  A manticore (D:7)
  A gargoyle (D:7)
  Grinder (D:3)
  A slime creature (D:7)
  Eustachio (D:4)
  A wraith (D:7)
  2 steam dragons (D:7)
  A vampire mosquito (D:7)
  2 water moccasins (D:7)
  2 sky beasts
  An ice beast (D:6)
  2 ogres (D:6)
  A black bear (D:4)
  2 phantoms
  A kobold brigand (D:7)
  A bullfrog (D:7)
  3 scorpions
  A howler monkey (D:4)
  2 hounds (D:7)
  A gnoll bouda (D:4)
  An orc priest (D:5)
  2 jellies
  5 sleepcaps
  2 iguanas
  Terence (D:2)
  Natasha (twice) (D:3)
  An orc wizard (D:5)
  Robin (D:2)
  4 gnolls
  11 adders
  A shadow imp (D:7)
  2 white imps
  An ufetubus (D:6)
  A worm (D:2)
  5 dart slugs
  23 orcs
  6 ball pythons
  4 bats
  3 endoplasms
  A giant cockroach (D:1)
  9 goblins
  7 hobgoblins
  9 kobolds
  2 quokkas
  7 frilled lizards
  4 rats
  A spectral goblin (D:1)
144 creatures vanquished.

Vanquished Creatures (others)
  An orc wizard (D:5)
1 creature vanquished.

Grand Total: 145 creatures vanquished

Table legend:
 A = Non-vault XP
 B = Vault XP
 C = Vault XP percentage of total XP
 D = Non-vault monster count
 E = Vault monster count
 F = Vault count percentage of total count
                 A         B        C        D         E       F
            +---------+---------+-------+---------+---------+-------
      Total |    2024 |    3177 |  61.1 |     103 |      42 |  29.0
            +---------+---------+-------+---------+---------+-------
        D:1 |      37 |       9 |  19.6 |      21 |       5 |  19.2
        D:2 |      39 |      84 |  68.3 |       7 |      14 |  66.7
        D:3 |      97 |     370 |  79.2 |      15 |       4 |  21.1
        D:4 |     614 |     202 |  24.8 |      25 |       1 |   3.8
        D:5 |     256 |       0 |   0.0 |      15 |       0 |   0.0
        D:6 |     588 |     182 |  23.6 |      13 |       3 |  18.8
        D:7 |     393 |    2330 |  85.6 |       7 |      15 |  68.2
            +---------+---------+-------+---------+---------+-------

Skill      XL: |  1  2  3  4  5  6  7  8  9 |
---------------+----------------------------+-----
Short Blades   | 1 2 3 4 5 6 |  6.5
Dodging        | 2 3 4 |  4.9
Stealth        | 3 4 5 |  5.5
Fighting       | 1 2 3 4 |  4.8
Hexes          | 4 5 6 7 |  7.7
Spellcasting   | 3 4 |  4.8

Action                     |  1- 3 |  4- 6 |  7- 9 || total
---------------------------+-------+-------+-------++-------
  Melee: Dagger            |   143 |   278 |   120 ||   541
         Punch             |       |       |     7 ||     7
         Short sword       |       |       |   307 ||   307
   Cast: Ensorcelled Hiber |     4 |     6 |    81 ||    91
         Confusing Touch   |       |     5 |    16 ||    21
  Evoke: Wand              |       |       |     5 ||     5
    Use: Scroll            |     7 |     4 |     6 ||    17
         Potion            |     1 |     2 |     6 ||     9
   Stab: Sleeping          |     9 |    11 |    44 ||    64
         Invisible         |     3 |       |       ||     3
         Confused          |       |     6 |    14 ||    20
 Armour: Robe              |    75 |   127 |   276 ||   478
         Skin              |       |    53 |       ||    53
  Dodge: Dodged            |   103 |   119 |   217 ||   439

Illustrated notes

Table legend:
 A = Kills in this place as a percentage of kills in the entire game.
 B = Kills by you in this place as a percentage of kills by you in the entire game.
 C = Kills by friends in this place as a percentage of kills by friends in the entire game.
 D = Other kills in this place as a percentage of other kills in the entire game.
 E = Experience gained in this place as a percentage of experience gained in the entire game.
 F = Experience gained in this place divided by the number of levels of this place that you have seen.
                   A       B       C       D       E      F
               +-------+-------+-------+-------+-------+----------------------
         Total | 100.0 | 100.0 |   N/A | 100.0 | 100.0 | 650.1
       Dungeon | 100.0 | 100.0 |   N/A | 100.0 | 100.0 | 743.0
               +-------+-------+-------+-------+-------+----------------------

Table legend: (Time is in decaauts)
 A = Elapsed time spent in this place.
 B = Non-inter-level travel time spent in this place.
 C = Inter-level travel time spent in this place.
 D = Time resting spent in this place.
 E = Time spent auto-exploring this place.
 F = Levels seen in this place.
 G = Mean time per level.
                   A        B        C        D        E       F      G
               +--------+--------+--------+--------+--------+-----+--------+
         Total |   6108 |   5883 |    225 |    464 |   3653 |   8 |  763.5 |
       Dungeon |   6106 |   5882 |    224 |    464 |   3653 |   7 |  872.3 |
        Temple |      1 |      0 |      1 |      0 |      0 |   1 |    1.0 |
               +--------+--------+--------+--------+--------+-----+--------+

Top non-repeatable levels by time:
     D:6: 1129 daAuts
     D:4: 948 daAuts
     D:2: 874 daAuts
     D:1: 857 daAuts
     D:5: 824 daAuts
     D:7: 797 daAuts
     D:3: 676 daAuts
  Temple: 1 daAuts
